 Dungeon Crawl Stone Soup version 0.30-a0-651-g0755cc6dcf (webtiles) character file.

Game seed: 7640091882484693588

9543 Caratheodory the Grappler (level 11, -2/82 HPs)
             Began as an Octopode Cinder Acolyte on Jan 17, 2023.
             Was a Believer of Ignis.
             Slain by a blink frog (15 damage)
             ... on level 10 of the Dungeon.
             The game lasted 00:40:27 (12382 turns).

Caratheodory the Grappler (OpCA)                   Turns: 12382, Time: 00:40:27

Health: -2/82      AC:  1    Str: 13    XL:     11   Next: 48%
Magic:  5/15       EV: 20    Int: 33    God:    Ignis [**....]
Gold:   768        SH:  0    Dex:  8    Spells: 14/16 levels left

rFire   + . .      SeeInvis .      - Unarmed
rCold   . . .      Faith    .    (no shield)
rNeg    . . .      Spirit   .    (helmet restricted)
rPois   .          Reflect  .    F - amulet of regeneration
rElec   .          Harm     .    k - +5 ring of evasion
rCorr   .          Rampage  .    o - ring of wizardry
Will    .....                    C - +6 ring of intelligence
Stlth   ++                       E - ring of wizardry
HPRegen 1.13/turn                A - +6 ring of intelligence
MPRegen 0.14/turn                (no ring)
                                 (no ring)
                                 (no ring)

@: no status effects
A: almost no armour, amphibious, 8 rings, camouflage 1, gelatinous body 1,
(nimble swimmer 1), tentacles
a: Renounce Religion, Fiery Armour, Foxfire Swarm, Rising Flame


You were on level 10 of the Dungeon.
You worshipped Ignis.
Ignis was pleased with you.
You visited 2 branches of the dungeon, and saw 11 of its levels.
You also visited: Ossuary and Bailey.

You collected 768 gold pieces.

Inventory:

Missiles
 v - 14 poisoned darts (quivered)
 x - 2 throwing nets
Jewellery
 k - a +5 ring of evasion (left tentacle)
 o - a ring of wizardry (right tentacle)
 A - a +6 ring of intelligence (on tentacle)
 C - a +6 ring of intelligence (on tentacle)
 E - a ring of wizardry (on tentacle)
 F - an amulet of regeneration (around mantle)
Wands
 u - a wand of iceblast (24)
Scrolls
 b - 2 scrolls of blinking
 d - 5 scrolls of teleportation
 e - 2 scrolls of amnesia
 l - 3 scrolls of brand weapon
 m - 2 scrolls of poison {unknown}
 n - 3 scrolls of fear
 r - a scroll of fog {unknown}
 y - a scroll of immolation {unknown}
 B - 3 scrolls of magic mapping {unknown}
 G - 2 scrolls of enchant weapon {unknown}
Potions
 a - 2 potions of haste {unknown}
 c - a potion of ambrosia {unknown}
 f - 10 potions of curing
 g - 3 potions of resistance
 h - 2 potions of lignification
 i - 9 potions of magic
 j - 4 potions of flight
 p - a potion of heal wounds
 q - 2 potions of attraction
 s - 7 potions of mutation
 t - 3 potions of berserk rage {unknown}
 w - a potion of degeneration {unknown}
 z - 2 potions of brilliance {unknown}
 D - 3 potions of cancellation {unknown}
 H - 2 potions of might {unknown}


   Skills:
 + Level 10.4 Fighting
 - Level 9.2 Dodging
 + Level 10.4 Unarmed Combat
 - Level 3.0 Spellcasting
 * Level 4.5 Transmutations
 - Level 3.0 Fire Magic


You had 14 spell levels left.
You knew the following spells:

 Your Spells              Type           Power      Damage    Failure   Level
a - Scorch                Fire           48%        2d7       1%          2

Your spell library contained the following spells:

 Spells                   Type           Power      Damage    Failure   Level
 Apportation              Tloc           8%         N/A       1%          1
 Petrify                  Tmut/Erth      19%        N/A       6%          4
 Flame Wave               Conj/Fire      14%        2d6       9%          4
 Manifold Assault         Tloc           4%         N/A       16%         4
 Summon Ice Beast         Ice/Summ       4%         N/A       16%         4
 Metabolic Englaciation   Hex/Ice        2%         N/A       36%         5
 Summon Mana Viper        Hex/Summ       4%         N/A       36%         5
 Statue Form              Tmut/Erth      12%        N/A       63%         6
 Dispersal                Tloc           2%         N/A       88%         6
 Monstrous Menagerie      Summ           2%         N/A       100%        7


Dungeon Overview and Level Annotations

Branches:
Dungeon (10/15)            Temple (0/1) D:4            Lair (1/5) D:10
    Orc (0/2) D:10        Ossuary (visited)          Bailey (visited)

Altars:
Ashenzari
Cheibriados
Dithmenos
Elyvilon
Fedhas
Gozag
Makhleb
Nemelex Xobeh
Okawaru
Qazlal
Ru
Sif Muna
Uskayaw
Vehumet
Xom
Yredelemnul
The Shining One

Shops:
D:1 [=*   D:2 (   D:4 *

Annotations:
D:5 1 runed translucent door, 2 transporters, Crazy Yiuf; Rrauwl's ghost, amateur GrDe
D:9 1 runed translucent door, anet's ghost, novice HOCj
D:10 exclusion: oklob plant


Innate Abilities, Weirdness & Mutations

You cannot wear most types of armour.
You are amphibious.
You can wear up to eight rings at the same time.
Your skin changes colour to match your surroundings (Stealth+).
Your rubbery body absorbs attacks. (AC +1, EV +1)
((You are camouflaged when in or above water. (Stealth+)))
You have tentacles for arms and can constrict up to eight enemies at once.


Message History

Confirm with . or Enter, or press ? or * to list all spells.
Flames lash the blink frog.
The blink frog is moderately wounded.
The blink frog's fire resistance burns away.
Casting: Scorch (safe; 1% risk of failure)
Confirm with . or Enter, or press ? or * to list all spells.
Flames lash the blink frog.
The blink frog is burned terribly!
The blink frog is heavily wounded.
You tentacle-slap the blink frog but do no damage.
Your grab misses the blink frog.
The blink frog is heavily wounded.
The blink frog hits you!
You tentacle-slap the blink frog. Your grab misses the blink frog.
The blink frog is severely wounded.
The blink frog is no longer more vulnerable to fire.
The blink frog hits you! The blink frog barely misses you.
The blink frog closely misses you.
You barely miss the blink frog. You grab the blink frog.
You tentacle-slap the blink frog.
The blink frog is heavily wounded.
You constrict the blink frog. The blink frog misses you.
The blink frog hits you.
The blink frog blinks free!
You miss the blink frog. Your grab misses the blink frog.
Your tentacle-slap misses the blink frog.
The blink frog is severely wounded.
The blink frog hits you.
The blink frog blinks!
Casting: Scorch (safe; 1% risk of failure)
Confirm with . or Enter, or press ? or * to list all spells.
Flames lash the blink frog.
The blink frog is burned terribly!
The blink frog is severely wounded.
Casting: Scorch (safe; 1% risk of failure)
Confirm with . or Enter, or press ? or * to list all spells.
Flames lash the blink frog.
The blink frog is burned terribly!
The blink frog is almost dead.
The blink frog hits you!
* * * LOW HITPOINT WARNING * * *
You tentacle-slap the blink frog.
You kill the blink frog!
The blink frog hits you!
You die...

..............# #..............
..............## ##...###........
###............###....# #........
# ##..................###........
#..............[.............. #
##.............................
###.............................#
...............F...............##
...............†@.............##
........###..................##
........# #.................##
........###................##
....>.....................##
###########################


You could see a blink frog.

Vanquished Creatures
  A two-headed ogre (D:9)
  Sonja (D:10)
  An orc knight (Bailey)
  Joseph (D:7)
  Psyche (D:8)
  A hornet (D:10)
  A troll (D:10)
  2 blink frogs
  2 wyverns
  9 yaks
  2 steam dragons
  A water moccasin (D:7)
  8 orc warriors
  2 ice beasts (D:7)
  An ogre (D:5)
  2 black bears
  3 centaurs
  2 phantoms
  An elf zombie (D:5)
  2 kobold brigands
  6 scorpions
  A bullfrog (D:8)
  2 necrophages
  2 gnoll sergeants
  An elf skeleton (D:5)
  3 wights (D:6)
  10 killer bees
  5 howler monkeys
  3 electric eels (D:10)
  A quasit (D:5)
  3 hounds
  6 orc priests
  5 iguanas
  Jessica (D:2)
  A human skeleton (D:5)
  10 orc wizards
  A statue (D:9)
  8 mummies (Ossuary)
  17 gnolls
  12 adders
  4 shadow imps
  4 white imps
  4 ufetubi
  A worm (D:4)
  3 dart slugs
  75 orcs
  9 endoplasms
  3 giant cockroaches
  8 goblins
  2 hobgoblins (D:3)
  A jackal (D:5)
  18 kobolds
  4 quokkas
  7 ball pythons
  5 bats
  3 frilled lizards
  2 gnoll zombies (Ossuary)
  4 hobgoblin zombies (Ossuary)
  3 orc skeletons (D:5)
  2 orc zombies (Ossuary)
  6 rats
  A butterfly (D:4)
311 creatures vanquished.

Vanquished Creatures (collateral kills)
  A foxfire (D:10)
1 creature vanquished.

Vanquished Creatures (others)
  4 demonic plants (D:5)
  23 foxfires (D:10)
  6 plants (D:5)
  14 toadstools (D:10)
47 creatures vanquished.

Grand Total: 359 creatures vanquished

Notes
Turn   | Place    | Note
-------+----------+-------------------------------------------
     0 | D:1      | Caratheodory the Octopode Cinder Acolyte began the quest
                  | for the Orb.
     0 | D:1      | Reached XP level 1. HP: 16/16 MP: 2/2
   108 | D:1      | Reached skill level 1 in Dodging
   108 | D:1      | Reached XP level 2. HP: 21/21 MP: 3/3
   113 | D:1      | Learned a level 2 spell: Scorch
   201 | D:1      | Reached XP level 3. HP: 18/26 MP: 1/4
   711 | D:1      | Found Risiu's Jewellery Shoppe.
   798 | D:1      | Found Jyoziuhe's Armour Shop.
   869 | D:1      | Found Qimn's Assorted Antiques.
  1178 | D:2      | Noticed Jessica
  1182 | D:2      | Killed Jessica
  1183 | D:2      | Reached XP level 4. HP: 30/32 MP: 0/6
  1406 | D:2      | Found Eviw's Weapon Boutique.
  2326 | D:3      | Found a faded altar of an unknown god.
  2427 | D:3      | Reached XP level 5. HP: 37/37 MP: 3/7
  2747 | D:3      | Found a stormy altar of Qazlal.
  3142 | D:4      | Found Jacsous's Lightly-Used Armoury.
  3144 | D:4      | Noticed a phantom
  3160 | D:4      | Killed a phantom
  3161 | D:4      | Reached XP level 6. HP: 24/43 MP: 4/9
  3381 | D:4      | Found a staircase to the Ecumenical Temple.
  3483 | D:4      | Found a sacrificial altar of Ru.
  3867 | D:4      | Noticed a black bear
  3930 | D:4      | Killed a black bear
  3931 | D:4      | Reached XP level 7. HP: 49/49 MP: 4/11
  4088 | D:5      | Entered Level 5 of the Dungeon
  4157 | D:5      | Reached skill level 5 in Fighting
  4157 | D:5      | Reached skill level 5 in Unarmed Combat
  4563 | D:5      | Found a sparkling altar of Nemelex Xobeh.
  4576 | D:5      | Found a shimmering blue altar of Sif Muna.
  4579 | D:5      | Found a broken altar of Ashenzari.
  4580 | D:5      | Found a burning altar of Makhleb.
  4589 | D:5      | Reached XP level 8. HP: 35/56 MP: 9/12
  4653 | D:5      | Found a sand-covered staircase.
  4658 | Ossuary  | Entered an ossuary
  5076 | Ossuary  | Reached skill level 5 in Dodging
  5443 | D:5      | Found a runed translucent door.
  5444 | D:5      | Noticed Crazy Yiuf
  5474 | D:5      | Noticed Rrauwl's ghost (amateur GrDe)
  5486 | D:5      | Found a transporter.
  5528 | D:5      | Found a white marble altar of Elyvilon.
  5528 | D:5      | Found a glowing golden altar of the Shining One.
  5528 | D:5      | Found an iron altar of Okawaru.
  5528 | D:5      | Found a snail-covered altar of Cheibriados.
  5535 | D:5      | Found an opulent altar of Gozag.
  5535 | D:5      | Found a shadowy altar of Dithmenos.
  5964 | D:5      | Found a transporter.
  6453 | D:6      | Reached XP level 9. HP: 50/63 MP: 10/13
  6978 | D:6      | Found a basalt altar of Yredelemnul.
  7273 | D:6      | HP: 3/64 [poisoned by a killer bee]
  7275 | D:6      | HP: 1/64 [poisoned by a killer bee]
  7280 | D:6      | HP: 2/64 [poisoned by a killer bee]
  7686 | D:7      | Noticed Joseph
  7704 | D:7      | Killed Joseph
  7800 | D:7      | Found a hide-covered altar of Uskayaw.
  8589 | D:7      | Reached XP level 10. HP: 41/72 MP: 2/14
  8715 | D:8      | Found a flagged portal.
  8722 | Bailey   | Entered a bailey
  8938 | Bailey   | Noticed an orc knight
  8988 | Bailey   | Killed an orc knight
  9621 | D:8      | Found Zujen's Elemental Accessories.
  9683 | D:8      | Noticed Psyche
 10017 | D:8      | Killed Psyche
 10672 | D:9      | Found a runed translucent door.
 10672 | D:9      | Found a shimmering altar of Xom.
 10672 | D:9      | Noticed anet's ghost (novice HOCj)
 10672 | D:9      | Noticed a +3 quarterstaff of chaos
 10709 | D:9      | Found a radiant altar of Vehumet.
 10993 | D:9      | Reached XP level 11. HP: 60/81 MP: 11/15
 11041 | D:9      | Noticed a two-headed ogre
 11054 | D:9      | Killed a two-headed ogre
 11055 | D:9      | Reached skill level 10 in Fighting
 11055 | D:9      | Reached skill level 10 in Unarmed Combat
 11095 | D:9      | Got the Dissertation on the Dimensional Inferno
 11189 | D:10     | Entered Level 10 of the Dungeon
 11466 | D:10     | Found a staircase to the Lair.
 11893 | D:10     | Found a staircase to the Orcish Mines.
 12043 | D:10     | Found a blossoming altar of Fedhas.
 12064 | D:10     | Noticed an oklob plant
 12094 | D:10     | Noticed Sonja
 12102 | D:10     | Killed Sonja
 12359 | Lair:1   | Entered Level 1 of the Lair of Beasts
 12382 | D:10     | Slain by a blink frog

Illustrated notes

Levels and vault maps discovered:
D:1:      lightli_arrival_farm, layout_basic, serial_shops,
          nicolae_shop_overgrown_old_shop, nicolae_shop_advertising_works
          [nicolae_subvault_shop_adworks], shop
D:2:      layout_loops_ring, serial_shops, shop, uniq_jessica
D:3:      layout_basic, grunt_qazlal_sundering, ebering_ecumenical_altar_mist
D:4:      layout_cave_pools, mainiacjoe_overflow_tiny_flanked,
          minmay_temple_entry_butterflies, minmay_shop_damaged,
          minmay_misc_feat_five
D:5:      minmay_angry_zag, layout_rooms, grunt_temple_overflow_open,
          mainiacjoe_overflow_surrounded_room, minmay_overflow_temple_hex,
          gammafunk_ghost_gnarly_gnolls, nicolae_ossuary_entry_catacombs,
          serial_demonic, serial_demonic_d, serial_demonic_f, serial_demonic_g,
          serial_demonic_g, uniq_crazy_yiuf_cottage
D:6:      layout_basic, nicolae_overflow_crystal_walls
D:7:      layout_loops_ring, eat_drink_and_be_merry_uskayaw, uniq_joseph
D:8:      layout_gridville, enter_bailey_5, nicolae_elemental_shop,
          nicolae_hexahallways, uniq_psyche
D:9:      layout_loops_ring, vehumet_statue, ebering_ghost_xom
D:10:     layout_big_octagon, tgw_fedhas, lair_entry_dummy, hiddenorc2_lemuel,
          uniq_sonja
Lair:1:   layout_chaotic_city

Skill      XL: |  1  2  3  4  5  6  7  8  9 10 11 |
---------------+----------------------------------+-----
Dodging        | 1 2 3 4 6 7 9 |  9.2
Fighting       | 4 5 6 8 9 10 | 10.4
Unarmed Combat | 4 5 6 8 9 10 | 10.4
Spellcasting   | 2 3 |  3.0
Transmutations | 4 |  4.5
Fire Magic     | |  3.0

Action                   |  1- 3 |  4- 6 |  7- 9 | 10-12 || total
-------------------------+-------+-------+-------+-------++-------
Melee: Unarmed           |    44 |    77 |   294 |   350 ||   765
       Constrict         |    12 |    17 |    55 |    60 ||   144
       Tentacles         |     8 |    18 |    61 |    80 ||   167
       Punch             |     2 |     5 |    12 |    28 ||    47
Throw: Dart              |       |       |     1 |    15 ||    16
 Cast: Scorch            |    15 |    38 |   111 |    35 ||   199
Invok: Fiery Armour      |       |     1 |     2 |     3 ||     6
       Foxfire Swarm     |       |       |       |     1 ||     1
Evoke: Wand              |       |       |       |     3 ||     3
  Use: Scroll            |       |     1 |    10 |     4 ||    15
       Potion            |       |       |     1 |     3 ||     4
 Stab: Sleeping          |     1 |     1 |     2 |     8 ||    12
Armor: Skin              |     2 |     3 |    10 |    12 ||    27
Dodge: Dodged            |    21 |    57 |   293 |   233 ||   604

Table legend: (Time is in decaauts)
 A = Elapsed time spent in this place.
 B = Non-inter-level travel time spent in this place.
 C = Inter-level travel time spent in this place.
 D = Time resting spent in this place.
 E = Time spent auto-exploring this place.
 F = Levels seen in this place.
 G = Mean time per level.
                   A        B        C        D        E       F      G
               +--------+--------+--------+--------+--------+-----+--------+
         Total |  12291 |  11878 |    413 |    144 |   8916 |  13 |  945.5 |
       Dungeon |  11115 |  10703 |    412 |    118 |   8327 |  10 | 1111.5 |
          Lair |      8 |      8 |      0 |      0 |      0 |   1 |    8.0 |
       Ossuary |    653 |    653 |      0 |      0 |    415 |   1 |  653.0 |
        Bailey |    514 |    514 |      0 |     26 |    174 |   1 |  514.0 |
               +--------+--------+--------+--------+--------+-----+--------+

Top non-repeatable levels by time:
     D:3: 1280 daAuts
     D:5: 1264 daAuts
     D:6: 1253 daAuts
     D:7: 1233 daAuts
    D:10: 1171 daAuts
     D:4: 1078 daAuts
     D:9: 1023 daAuts
     D:1: 976 daAuts
     D:8: 956 daAuts
     D:2: 878 daAuts
 Ossuary: 653 daAuts
  Bailey: 514 daAuts
  Lair:1: 8 daAuts
